 Dungeon Sprint DCSS version 0.20.1-1-g8b1a95d (webtiles) character file.

933 wojtek the Basher (level 7, -10/70 HPs)
             Began as a Minotaur Fighter on Dec 30, 2017.
             Was a Follower of Makhleb.
             Mangled by a rust devil (11 damage)
             ... summoned by a kobold demonologist
             ... in the Dungeon (Sprint I: "Red Sonja").
             The game lasted 00:01:39 (750 turns).

wojtek the Basher (Minotaur Fighter)                 Turns: 750, Time: 00:01:40

Health: -10/70     AC: -4    Str: 23    XL:     7   Next: 86%
Magic:  8/8        EV: 13    Int:  5    God:    Makhleb [*.....]
Gold:   405        SH: 11    Dex:  9    Spells: 6/6 levels left

rFire    . . .     SeeInvis .   a - +0 flail
rCold    . . .     Gourm    .   c - +0 shield
rNeg     . . .     Faith    .   l - +3 leather armour {MR+}
rPois    .         Spirit   .   (helmet restricted)
rElec    .         Reflect  .   (no cloak)
rCorr    .         Harm     .   (no gloves)
MR       +....     NoTele   +   (no boots)
Stlth    +.........             (no amulet)
Regen    0.3/turn               (no ring)
MPRegen  0.2/turn               (no ring)

@: corroded
A: retaliatory headbutt, horns 2
a: Renounce Religion


You were in the Dungeon.
You worshipped Makhleb.
Makhleb was aware of your devotion.
You were not hungry.

You visited 1 branch You collected 405 gold pieces.

Inventory:

Hand Weapons
 a - a +0 flail (weapon)
Armour
 b - a +0 scale mail
 c - a +0 shield (worn)
 l - a +3 leather armour of magic resistance (worn)
Scrolls
 k - a scroll of blinking
Potions
 d - a potion of might
 e - a potion of curing
 g - 2 potions of heal wounds
 h - a potion of haste
 i - 2 potions of magic
 j - a potion of berserk rage
Comestibles
 f - a bread ration


   Skills:
 + Level 9.6 Fighting
 * Level 12.3 Maces & Flails
 + Level 8.5 Armour
 + Level 7.3 Dodging
 + Level 7.9 Shields
 + Level 3.4 Invocations


You had 6 spell levels left.
You didn't know any spells.

Dungeon Overview and Level Annotations

Branches:
Dungeon (1/1)

Altars:
Cheibriados
Dithmenos
Elyvilon
Fedhas
Gozag
Hepliaklqana
Kikubaaqudgha
Makhleb
Nemelex Xobeh
Okawaru
Qazlal
Ru
Sif Muna
Trog
Uskayaw
Vehumet
Xom
Yredelemnul
Zin
The Shining One
Jiyva
Lugonu

Shops:
D *


Innate Abilities, Weirdness & Mutations

You reflexively headbutt those who attack you in melee.
You have a pair of horns on your head.


Message History

You headbutt the chaos spawn, but do no damage.
The kobold demonologist closely misses you.
You miss the kobold demonologist.
The kobold demonologist is heavily wounded.
The neqoxec disappears in a puff of smoke!
The quasit disappears in a puff of smoke!
The ufetubus disappears in a puff of smoke!
The white imp disappears in a puff of smoke!
The shadow imp shouts, "Back with thee, thou twisted swag-bellied bovine!"
The rust devil hits you! The rust devil corrodes you!
The chaos spawn hits you!!
* * * LOW HITPOINT WARNING * * *
You are engulfed in flames!
* * * LOW HITPOINT WARNING * * *
You block the kobold demonologist's attack.
You hit the kobold demonologist.
The kobold demonologist is severely wounded.
The crimson imp disappears in a puff of smoke!
The rust devil hits you!
You die...

####################
)..#..'..#__#..5@K5#
#..').#..'^.'.§#44.#
##'#####'#__####§§.+
#..#...#[#### #####
####..##)#
___##'#..+
∩...'..._#
.__##_.#'#
___###+#(#


You could see a rust devil, a kobold demonologist, a chaos spawn, a crimson imp
and a shadow imp.

Vanquished Creatures
  A kobold demonologist (D)
  A slime creature (D)
  Sigmund (D)
  A yak (D)
  A floating eye (D)
  An ogre (D)
  A jelly (D)
  Ijyb (D)
8 creatures vanquished.

Notes
Turn   | Place    | Note
-------+----------+-------------------------------------------
     0 | D        | wojtek the Minotaur Fighter began the quest for the Orb.
     0 | D        | Reached XP level 1. HP: 19/19 MP: 0/0
     1 | D        | Noticed Ijyb
     8 | D        | Killed Ijyb
     8 | D        | Reached skill level 5 in Maces & Flails
     8 | D        | Reached XP level 2. HP: 21/28 MP: 1/1
    82 | D        | Noticed an ogre
    87 | D        | Killed an ogre
    87 | D        | Reached skill level 8 in Maces & Flails
    87 | D        | Reached XP level 3. HP: 3/38 MP: 2/2
    87 | D        | Reached XP level 4. HP: 4/45 MP: 3/3
   359 | D        | Noticed Sigmund
   365 | D        | Killed Sigmund
   365 | D        | Reached skill level 9 in Maces & Flails
   365 | D        | Reached skill level 5 in Dodging
   365 | D        | Reached skill level 5 in Shields
   365 | D        | Reached XP level 5. HP: 33/53 MP: 4/4
   483 | D        | Found a burning altar of Makhleb.
   483 | D        | Found a viscous altar of Jiyva.
   483 | D        | Found a shimmering altar of Xom.
   483 | D        | Found a corrupted altar of Lugonu.
   483 | D        | Noticed a slime creature
   487 | D        | Killed a slime creature
   487 | D        | Reached skill level 10 in Maces & Flails
   487 | D        | Reached XP level 6. HP: 27/62 MP: 5/5
   489 | D        | Became a worshipper of Makhleb the Destroyer
   659 | D        | Found a deep blue altar of Sif Muna.
   661 | D        | Found a radiant altar of Vehumet.
   664 | D        | Reached skill level 11 in Maces & Flails
   687 | D        | Found Micvin's General Store.
   687 | D        | Found an ancient bone altar of Kikubaaqudgha.
   687 | D        | Found a hazy altar of Hepliaklqana.
   687 | D        | Found a stormy altar of Qazlal.
   687 | D        | Found a hide-covered altar of Uskayaw.
   687 | D        | Found a blossoming altar of Fedhas.
   687 | D        | Found a bloodstained altar of Trog.
   687 | D        | Found an iron altar of Okawaru.
   687 | D        | Found a basalt altar of Yredelemnul.
   687 | D        | Found a glowing golden altar of the Shining One.
   687 | D        | Found a snail-covered altar of Cheibriados.
   687 | D        | Found a sacrificial altar of Ru.
   687 | D        | Found a glowing silver altar of Zin.
   687 | D        | Found a shadowy altar of Dithmenos.
   687 | D        | Found a white marble altar of Elyvilon.
   687 | D        | Noticed a yak
   693 | D        | Killed a yak
   693 | D        | Reached XP level 7. HP: 64/69 MP: 5/7
   694 | D        | Found an opulent altar of Gozag.
   695 | D        | Found a sparkling altar of Nemelex Xobeh.
   722 | D        | Noticed a kobold demonologist
   723 | D        | Noticed a kobold demonologist
   723 | D        | Paralysed by a floating eye for 2 turns
   726 | D        | Reached * piety under Makhleb
   728 | D        | Noticed a neqoxec
   735 | D        | Noticed a chaos spawn
   735 | D        | Killed a kobold demonologist
   735 | D        | Reached skill level 12 in Maces & Flails
   736 | D        | Noticed a chaos spawn
   740 | D        | Noticed a rust devil
   749 | D        | HP: 1/70 [chaos spawn[a kobold demonologist] (10)]
   750 | D        | Mangled by a rust devil

Skill      XL: |  1  2  3  4  5  6  7 |
---------------+----------------------+-----
Fighting       | 4 6 7 8 9 |  9.6
Maces & Flails | 5 8 9 10 11 12 | 12.3
Armour         | 4 6 7 8 |  8.5
Dodging        | 3 5 6 7 |  7.3
Shields        | 5 6 7 |  7.9
Invocations    | 2 3 |  3.4

Action                   |  1- 3 |  4- 6 |  7- 9 || total
-------------------------+-------+-------+-------++-------
Melee: Flail             |    10 |    16 |    25 ||    51
       Headbutt          |     2 |     6 |     3 ||    11
Armor: Scale mail        |     4 |       |       ||     4
       Leather armour    |       |     1 |     7 ||     8
Dodge: Dodged            |       |     4 |    20 ||    24
Block: Shield            |     1 |     3 |    22 ||    26
